 Dungeon Sprint DCSS version 0.30.1-5-ged363bc7ee (webtiles) character file.

Game seed: 4655691390945321754

262 boopmooplesden the Cleaver (level 5, 0/78 HPs)
             Began as a Draconian Berserker on Sept 20, 2023.
             Was a High Priest of Trog.
             Slain by an efreet
             ... wielding a +1 scimitar of flaming
              (3 damage)
             ... in the Dungeon (Sprint VII: "The Pits").
             The game lasted 00:01:14 (423 turns).

boopmooplesden the Cleaver (Draconian Berserker)     Turns: 423, Time: 00:01:16

Health: 0/78       AC:  6    Str: 21    XL:     5   Next: 97%
Magic:  5/5        EV: 14    Int:  7    God:    Trog [*****.]
Gold:   0          SH:  0    Dex: 11    Spells: 4/4 levels left

rFire   . . .        k - +0 hand axe (heavy)
rCold   . . .        (no shield)
rNeg    . . .        (body armour unavailable)
rPois   .            (helmet restricted)
rElec   .            l - +0 cloak
rCorr   .            (no gloves)
SInv    .            (no boots)
Will    .....        (no amulet) Stlth
                     (no ring)
HPRegen 0.33/turn    (no ring)
MPRegen 0.09/turn

%: no teleportation
@: berserking, very quick
A: AC +5, unfitting armour, cold-blooded
a: Renounce Religion, Berserk, Trog's Hand, Brothers in Arms


You were in the Dungeon.
You worshipped Trog.
Trog was extremely pleased with you.
You visited 1 branch

Inventory:

Hand Weapons
 a - a +0 hand axe
 h - a +2 hand axe
 k - a +0 heavy hand axe (weapon)
Armour
 l - a +0 cloak (worn)
Scrolls
 g - a scroll of blinking
 j - a scroll of summoning
Potions
 b - 6 potions of curing
 c - 6 potions of heal wounds
 d - a potion of haste
 e - 4 potions of magic
 f - 3 potions of berserk rage
 i - 2 potions of invisibility


   Skills:
 + Level 7.5 Fighting
 + Level 8.2 Axes
 + Level 7.3 Dodging
 + Level 0.6 Stealth


You had 4 spell levels left.
You didn't know any spells.
Your spell library was empty.

Dungeon Overview and Level Annotations

Branches:
Dungeon (1/1)

Altars:
Ashenzari
Cheibriados
Dithmenos
Elyvilon
Fedhas
Gozag
Hepliaklqana
Kikubaaqudgha
Makhleb
Nemelex Xobeh
Okawaru
Qazlal
Ru
Sif Muna
Trog
Uskayaw
Vehumet
Wu Jian
Xom
Yredelemnul
Zin
The Shining One
Jiyva
Lugonu


Innate Abilities, Weirdness & Mutations

Your plain brown scales are hard. (AC +5)
You cannot fit into any form of body armour.
You are cold-blooded and may be slowed by cold attacks.


Message History

You slash the hobgoblin!
You kill the hobgoblin!
Trog accepts your kill.
There is an open door here.
You see here a hobgoblin corpse.
You open the door.
An efreet comes into view.
It is wielding a +1 scimitar of flaming.
A red film seems to cover your vision as you go berserk!
You feel yourself moving faster!
You feel mighty! The efreet gestures at you.
The fireball explodes!
The fireball engulfs you!
You feel a strong urge to attack something.
There is an open door here.
You slash the efreet!
The efreet is lightly wounded.
The efreet closely misses you.
You barely miss the efreet.
The efreet is lightly wounded.
The efreet closely misses you.
You completely miss the efreet.
Your tail-slap misses the efreet.
The efreet is lightly wounded.
The efreet hits you with a +1 scimitar of flaming!
The efreet burns you.
You barely miss the efreet.
Your tail-slap misses the efreet.
The efreet is lightly wounded.
The efreet hits you with a +1 scimitar of flaming!
The efreet burns you.
You hit the efreet but do no damage. You tail-slap the efreet!
The efreet is moderately wounded.
The efreet hits you with a +1 scimitar of flaming!!
* * * LOW HITPOINT WARNING * * *
The efreet burns you!
* * * LOW HITPOINT WARNING * * *
You slice the efreet!!
You tail-slap the efreet, but do no damage.
The efreet is almost dead.
The efreet hits you with a +1 scimitar of flaming!
* * * LOW HITPOINT WARNING * * *
The efreet burns you.
You die...

#)#........##.......#
#)#........##.......#
#)###########.......#
#.).....# #########
#.......# #...#...#
#..###..#+#
#...#...#R+
#.......#@#
#.......†.#
###########


You could see an efreet.

Vanquished Creatures
  A fire bat (D)
  Crazy Yiuf (D)
  A gnoll bouda (D)
  4 gnolls (D)
  An adder (D)
  An adder skeleton (D)
  2 orcs (D)
  A ball python (D)
  A giant cockroach (D)
  A hobgoblin (D)
  2 jackals (D)
  2 bats (D)
  A frilled lizard (D)
  2 rats (D)
21 creatures vanquished.

Notes
Turn   | Place    | Note
-------+----------+-------------------------------------------
     0 | D        | boopmooplesden the Draconian Berserker began the quest for
                  | the Orb.
     0 | D        | Reached XP level 1. HP: 19/19 MP: 1/1
    45 | D        | Found a bloodstained altar of Trog.
    45 | D        | Found a shimmering blue altar of Sif Muna.
    45 | D        | Found a viscous altar of Jiyva.
    45 | D        | Found a hazy altar of Hepliaklqana.
    45 | D        | Found an opulent altar of Gozag.
    46 | D        | Found a glowing golden altar of the Shining One.
    46 | D        | Found a glowing silver altar of Zin.
    46 | D        | Found a basalt altar of Yredelemnul.
    46 | D        | Found a shimmering altar of Xom.
    46 | D        | Found an ornate altar of the Wu Jian Council.
    46 | D        | Found a sacrificial altar of Ru.
    46 | D        | Found a stormy altar of Qazlal.
    46 | D        | Found an iron altar of Okawaru.
    46 | D        | Found a sparkling altar of Nemelex Xobeh.
    46 | D        | Found a burning altar of Makhleb.
    46 | D        | Found a blossoming altar of Fedhas.
    46 | D        | Found a white marble altar of Elyvilon.
    46 | D        | Found a shadowy altar of Dithmenos.
    46 | D        | Found a snail-covered altar of Cheibriados.
    48 | D        | Found a corrupted altar of Lugonu.
    48 | D        | Found a radiant altar of Vehumet.
    49 | D        | Found an ancient bone altar of Kikubaaqudgha.
    49 | D        | Found a hide-covered altar of Uskayaw.
    49 | D        | Found a broken altar of Ashenzari.
    79 | D        | Reached ** piety under Trog
   115 | D        | Reached skill level 4 in Axes
   115 | D        | Reached XP level 2. HP: 21/28 MP: 2/2
   116 | D        | Reached *** piety under Trog
   191 | D        | Noticed a fire bat
   199 | D        | Reached XP level 3. HP: 32/35 MP: 3/3
   200 | D        | Killed a fire bat
   200 | D        | Reached **** piety under Trog
   201 | D        | Reached skill level 7 in Axes
   201 | D        | Reached XP level 4. HP: 43/45 MP: 4/4
   201 | D        | Reached XP level 5. HP: 48/51 MP: 5/5
   203 | D        | Noticed Crazy Yiuf
   209 | D        | Reached ***** piety under Trog
   212 | D        | Killed Crazy Yiuf
   216 | D        | Reached skill level 8 in Axes
   218 | D        | Received a gift from Trog
   415 | D        | Noticed an efreet
   423 | D        | HP: 3/78 [efreet/+1 scimitar of flaming (10)]
   423 | D        | Slain by an efreet

Illustrated notes

Levels and vault maps discovered:
D:        pitsprint [storerooms_1, entrance_room_1, metal_vault_7, armoury_1,
          mini_pit_1, grid_room_1, main_hall_1, silver_pit, the_coven_1,
          the_vestibule_1, steel_vault_4, golden_pit, hallway_of_sentries,
          crystal_vault_2, iron_vault_2, final_vault]

Skill      XL: |  1  2  3  4  5 |
---------------+----------------+-----
Dodging        | 3 4 6 7 |  7.3
Fighting       | 4 6 7 |  7.5
Axes           | 4 7 8 |  8.2
Stealth        | |  0.6

Action                     |  1- 3 |  4- 6 || total
---------------------------+-------+-------++-------
  Melee: Hand axe          |    37 |    23 ||    60
         Tailslap          |     3 |     5 ||     8
 Invoke: Berserk           |     2 |     1 ||     3
 Armour: Skin              |     7 |     2 ||     9
  Dodge: Dodged            |    30 |     8 ||    38
